[ AOE2 MATCH · #482516558 ]
UnrankedMongols vs Hindustanis
[ REPLAY ANALYSIS · EXTRACTED FROM THE RECORDED GAME ]
Feudal
—
Castle
—
Imperial
—
| APM avg | 19.9 |
| APM peak | 60 |
| eAPM avg | 14.7 |
| Villagers / military | 117 / 118 |
Focus
⚔️ 23.8% · 🌾 76.2%
Spearman ×53 · Mangonel ×36 · Militia ×12 · Mangudai ×10 · Trade Cart ×7 · Trebuchet (Packed) ×4
Feudal
—
Castle
—
Imperial
—
| APM avg | 31.7 |
| APM peak | 69 |
| eAPM avg | 22.6 |
| Villagers / military | 264 / 34 |
Focus
⚔️ 26.7% · 🌾 73.3%
Unknown (1920) ×190 · Iron Pagoda ×18 · Trebuchet (Packed) ×11 · Battering Ram ×5
Feudal
—
Castle
—
Imperial
—
| APM avg | 13.2 |
| APM peak | 41 |
| eAPM avg | 11.4 |
| Villagers / military | 169 / 93 |
Focus
⚔️ 21.9% · 🌾 78.1%
Spearman ×38 · Scorpion ×33 · Trade Cart ×22 · Camel Scout ×21 · Knight ×1
Feudal
—
Castle
—
Imperial
—
| APM avg | 15.5 |
| APM peak | 97 |
| eAPM avg | 14.3 |
| Villagers / military | 131 / 299 |
Focus
⚔️ 52.6% · 🌾 47.4%
Spearman ×167 · Skirmisher ×69 · Hussite Wagon ×61 · Trade Cart ×13 · Monk ×2
Feudal
—
Castle
—
Imperial
—
| APM avg | 10.2 |
| APM peak | 29 |
| eAPM avg | 7.1 |
| Villagers / military | 136 / 53 |
Focus
⚔️ 30.0% · 🌾 70.0%
Teutonic Knight ×38 · Trade Cart ×18 · Petard ×14 · Monk ×1
Feudal
—
Castle
—
Imperial
—
| APM avg | 11.7 |
| APM peak | 49 |
| eAPM avg | 11.1 |
| Villagers / military | 157 / 291 |
Focus
⚔️ 28.1% · 🌾 71.9%
Camel Scout ×206 · Hand Cannoneer ×39 · Trade Cart ×38 · Bombard Cannon ×38 · Armored Elephant ×5 · Monk ×3
Match map
Initial resources + every placement click. Lines = walls · curves = elevation contours. ◆ gold · ⬟ stone · ● berries · ✦ relic · ◌ wall gap
Your base· ✓ Closed at 15:51 · 0t walls · no gate
RisingNOOb7499's base· ✓ Closed at 19:47 · 27t walls · 3 gate(s)
YMHAMAD's base· ✓ Closed at 23:21 · 111t walls · 6 gate(s)
Roarindragon381's base· ✓ Closed at 21:02 · 68t walls · 2 gate(s)
ArticSniper57's base· ✓ Closed at 20:57 · 25t walls · no gate
sassybaldsalmon's base· ✓ Closed at 14:09 · 0t walls · no gate
Smoothed initial terrain · ◌ = detected wall gap · hover for details
Inputs per minute
— vlaciktomas - - RisingNOOb7499
Build order — vlaciktomas
First 150 of 311 actions detected
| 0:05 | Build | House |
| 0:06 | Build | House |
| 0:07 | Create | Villager (Male) |
| 0:08 | Create | Villager (Male) |
| 0:39 | Create | Villager (Male) |
| 0:39 | Create | Villager (Male) |
| 1:50 | Create | Villager (Male) |
| 1:50 | Create | Villager (Male) |
| 2:25 | Create | Villager (Male) |
| 2:25 | Create | Villager (Male) |
| 2:55 | Create | Villager (Male) |
| 3:34 | Create | Villager (Male) |
| 3:34 | Create | Villager (Male) |
| 4:28 | Create | Villager (Male) |
| 4:28 | Create | Villager (Male) |
| 4:28 | Create | Villager (Male) |
| 5:11 | Build | House |
| 5:19 | Build | House |
| 5:40 | Build | Mill |
| 6:13 | Build | Lumber Camp |
| 7:18 | Create | Villager (Male) |
| 7:18 | Create | Villager (Male) |
| 7:24 | Create | Villager (Male) |
| 8:34 | Create | Villager (Male) |
| 10:01 | Create | Villager (Male) |
| 10:02 | Create | Villager (Male) |
| 10:04 | Create | Villager (Male) |
| 10:05 | Create | Villager (Male) |
| 10:56 | Research | Feudal Age |
| 11:22 | Build | Mining Camp |
| 13:28 | Build | Barracks |
| 13:43 | Build | Farm |
| 13:44 | Build | Farm |
| 13:45 | Build | Farm |
| 13:52 | Create | Villager (Male) |
| 13:52 | Create | Villager (Male) |
| 13:53 | Create | Villager (Male) |
| 14:13 | Build | Blacksmith |
| 14:25 | Build | Market |
| 15:02 | Build | Farm |
| 15:07 | Create | Militia |
| 15:07 | Create | Militia |
| 15:08 | Create | Militia |
| 15:15 | Build | House |
| 15:18 | Build | House |
| 15:42 | Research | Man-at-Arms (upgrade) |
| 15:43 | Create | Militia |
| 15:45 | Research | Wheelbarrow |
| 15:46 | Create | Villager (Male) |
| 15:46 | Create | Villager (Male) |
| 15:51 | Research | Castle Age |
| 16:08 | Build | House |
| 16:12 | Build | Farm |
| 16:25 | Create | Militia |
| 16:25 | Create | Militia |
| 16:34 | Research | Forging |
| 16:46 | Build | Farm |
| 16:48 | Research | Double-Bit Axe |
| 16:51 | Research | Horse Collar |
| 17:00 | Build | Farm |
| 17:36 | Create | Militia |
| 17:37 | Create | Militia |
| 17:38 | Create | Spearman |
| 17:48 | Build | Farm |
| 17:50 | Build | Farm |
| 17:52 | Build | Farm |
| 17:55 | Build | Farm |
| 18:36 | Create | Villager (Male) |
| 18:36 | Create | Villager (Male) |
| 18:36 | Create | Villager (Male) |
| 18:37 | Create | Villager (Male) |
| 18:55 | Build | Town Center |
| 20:07 | Create | Villager (Male) |
| 20:07 | Create | Villager (Male) |
| 20:07 | Create | Villager (Male) |
| 20:26 | Create | Villager (Male) |
| 20:27 | Create | Villager (Male) |
| 20:27 | Create | Villager (Male) |
| 21:06 | Create | Villager (Male) |
| 21:49 | Build | Monastery |
| 21:54 | Create | Villager (Male) |
| 21:54 | Create | Villager (Male) |
| 21:57 | Research | Wheelbarrow |
| 22:06 | Build | House |
| 22:07 | Build | House |
| 22:14 | Build | House |
| 22:31 | Create | Monk |
| 22:32 | Create | Monk |
| 22:47 | Research | Gold Mining |
| 22:50 | Create | Villager (Male) |
| 22:50 | Create | Villager (Male) |
| 22:51 | Create | Villager (Male) |
| 24:08 | Create | Villager (Male) |
| 24:08 | Create | Villager (Male) |
| 24:10 | Create | Villager (Male) |
| 24:10 | Create | Villager (Male) |
| 24:14 | Build | Farm |
| 24:20 | Create | Monk |
| 24:37 | Create | Villager (Male) |
| 24:43 | Create | Villager (Male) |
| 24:44 | Create | Villager (Male) |
| 25:38 | Build | House |
| 25:41 | Build | House |
| 25:42 | Build | House |
| 25:50 | Research | Loom |
| 27:21 | Research | Hand Cart |
| 27:23 | Create | Villager (Male) |
| 27:24 | Create | Villager (Male) |
| 27:58 | Build | Castle |
| 28:52 | Create | Villager (Male) |
| 28:52 | Create | Villager (Male) |
| 28:53 | Create | Villager (Male) |
| 28:56 | Research | Bow Saw |
| 28:58 | Research | Heavy Plow |
| 29:09 | Research | Padded Archer Armor |
| 29:19 | Create | Villager (Male) |
| 29:19 | Create | Villager (Male) |
| 29:20 | Create | Villager (Male) |
| 29:57 | Build | Siege Workshop |
| 29:59 | Build | Siege Workshop |
| 30:01 | Build | Siege Workshop |
| 30:18 | Build | Farm |
| 30:21 | Build | Farm |
| 30:24 | Build | Farm |
| 30:27 | Build | Farm |
| 30:33 | Build | Farm |
| 30:38 | Build | Farm |
| 30:46 | Create | Villager (Male) |
| 30:47 | Create | Villager (Male) |
| 30:47 | Create | Villager (Male) |
| 30:48 | Create | Villager (Male) |
| 30:51 | Create | Villager (Male) |
| 30:52 | Create | Villager (Male) |
| 30:52 | Create | Villager (Male) |
| 30:53 | Create | Villager (Male) |
| 31:04 | Create | Mangudai |
| 31:04 | Create | Mangudai |
| 31:05 | Create | Mangudai |
| 31:05 | Create | Mangudai |
| 31:06 | Create | Mangudai |
| 31:26 | Create | Mangonel |
| 31:28 | Create | Mangonel |
| 31:37 | Build | Farm |
| 31:40 | Build | Farm |
| 34:19 | Build | Siege Workshop |
| 34:20 | Build | Siege Workshop |
| 34:22 | Build | Siege Workshop |
| 34:23 | Build | Siege Workshop |
| 34:38 | Create | Mangonel |
| 34:53 | Research | Long Swordsman (upgrade) |
Build order — RisingNOOb7499
First 150 of 465 actions detected
| 0:01 | Create | Villager (Male) |
| 0:01 | Create | Villager (Male) |
| 0:01 | Create | Villager (Male) |
| 0:03 | Build | House |
| 0:04 | Build | House |
| 0:05 | Build | House |
| 0:06 | Build | House |
| 0:07 | Create | Villager (Male) |
| 0:07 | Research | Loom |
| 1:32 | Create | Villager (Male) |
| 2:06 | Create | Villager (Male) |
| 2:57 | Create | Villager (Male) |
| 2:57 | Create | Villager (Male) |
| 3:16 | Create | Villager (Male) |
| 3:57 | Create | Villager (Male) |
| 4:00 | Create | Villager (Male) |
| 4:15 | Create | Villager (Male) |
| 4:20 | Create | Villager (Male) |
| 5:24 | Create | Villager (Male) |
| 5:27 | Create | Villager (Male) |
| 5:38 | Build | Lumber Camp |
| 6:15 | Create | Villager (Male) |
| 6:25 | Create | Villager (Male) |
| 6:36 | Create | Villager (Male) |
| 6:42 | Create | Villager (Male) |
| 6:54 | Create | Villager (Male) |
| 7:13 | Create | Villager (Male) |
| 7:20 | Build | Mining Camp |
| 8:08 | Research | Feudal Age |
| 8:09 | Create | Villager (Male) |
| 10:48 | Research | Wheelbarrow |
| 10:49 | Create | Villager (Male) |
| 11:02 | Research | Double-Bit Axe |
| 11:45 | Create | Villager (Male) |
| 12:10 | Create | Villager (Male) |
| 12:16 | Build | Mill |
| 12:45 | Create | Villager (Male) |
| 12:50 | Build | House |
| 12:51 | Build | House |
| 12:53 | Build | House |
| 12:53 | Build | House |
| 12:53 | Build | House |
| 12:57 | Create | Villager (Male) |
| 13:32 | Research | Tech 1014 |
| 13:36 | Create | Villager (Male) |
| 13:53 | Build | Stone Wall |
| 13:54 | Build | Stone Wall |
| 13:56 | Build | Gate |
| 13:59 | Build | Gate |
| 14:03 | Build | Gate |
| 14:15 | Build | Pasture |
| 14:19 | Create | Villager (Male) |
| 14:24 | Build | Pasture |
| 14:37 | Create | Villager (Male) |
| 14:45 | Create | Villager (Male) |
| 15:03 | Build | Mining Camp |
| 15:16 | Create | Villager (Male) |
| 15:19 | Build | Pasture |
| 15:21 | Create | Villager (Male) |
| 15:43 | Build | Pasture |
| 15:48 | Build | Pasture |
| 16:02 | Create | Villager (Male) |
| 16:30 | Create | Villager (Male) |
| 16:48 | Build | Market |
| 17:07 | Build | Mining Camp |
| 17:28 | Create | Villager (Male) |
| 17:49 | Create | Villager (Male) |
| 17:50 | Create | Villager (Male) |
| 17:59 | Build | Pasture |
| 18:02 | Build | Blacksmith |
| 18:52 | Create | Villager (Male) |
| 19:18 | Create | Villager (Male) |
| 19:26 | Build | Pasture |
| 19:28 | Build | Pasture |
| 19:30 | Build | Pasture |
| 19:32 | Build | Pasture |
| 19:36 | Create | Villager (Male) |
| 19:39 | Create | Villager (Male) |
| 19:47 | Research | Castle Age |
| 19:48 | Create | Villager (Male) |
| 20:23 | Build | House |
| 20:24 | Build | House |
| 20:25 | Build | House |
| 20:26 | Build | House |
| 20:28 | Build | House |
| 20:28 | Build | House |
| 20:39 | Create | Villager (Male) |
| 21:26 | Create | Villager (Male) |
| 22:38 | Build | Castle |
| 22:55 | Research | Hand Cart |
| 22:55 | Create | Villager (Male) |
| 22:57 | Research | Bow Saw |
| 22:59 | Research | Tech 1013 |
| 23:07 | Build | House |
| 24:20 | Create | Villager (Male) |
| 24:34 | Build | Town Center |
| 24:35 | Build | Town Center |
| 24:52 | Create | Unit 1920 |
| 24:52 | Create | Unit 1920 |
| 24:52 | Create | Unit 1920 |
| 24:52 | Create | Unit 1920 |
| 24:53 | Create | Unit 1920 |
| 24:54 | Create | Unit 1920 |
| 24:58 | Create | Villager (Male) |
| 24:59 | Create | Villager (Male) |
| 25:48 | Create | Villager (Male) ×5 |
| 26:00 | Create | Villager (Male) ×5 |
| 26:11 | Create | Unit 1920 |
| 26:19 | Build | Siege Workshop |
| 26:25 | Create | Villager (Male) ×5 |
| 26:59 | Create | Unit 1920 |
| 26:59 | Create | Unit 1920 |
| 26:59 | Create | Unit 1920 |
| 27:02 | Create | Villager (Male) ×5 |
| 27:18 | Build | Siege Workshop |
| 27:20 | Build | Mining Camp |
| 27:23 | Create | Villager (Male) ×5 |
| 27:27 | Create | Unit 1920 |
| 27:27 | Create | Unit 1920 |
| 27:27 | Create | Unit 1920 |
| 27:28 | Create | Unit 1920 |
| 27:28 | Create | Unit 1920 |
| 27:29 | Create | Unit 1920 |
| 27:41 | Build | Pasture |
| 27:43 | Build | Pasture |
| 27:43 | Build | Pasture |
| 27:43 | Build | Pasture |
| 27:43 | Build | Pasture |
| 27:49 | Create | Villager (Male) ×5 |
| 27:57 | Create | Battering Ram |
| 28:07 | Create | Villager (Male) ×4 |
| 28:20 | Create | Battering Ram |
| 28:49 | Build | Town Center |
| 28:52 | Create | Villager (Male) ×5 |
| 28:59 | Create | Unit 1920 |
| 28:59 | Create | Unit 1920 |
| 29:00 | Create | Unit 1920 |
| 29:00 | Create | Unit 1920 |
| 29:13 | Research | Scale Mail Armor |
| 29:20 | Create | Battering Ram |
| 29:22 | Create | Villager (Male) ×3 |
| 29:38 | Create | Villager (Male) ×3 |
| 29:47 | Build | Town Center |
| 29:58 | Build | Pasture |
| 29:59 | Build | Pasture |
| 30:19 | Create | Unit 1920 |
| 30:19 | Create | Unit 1920 |
| 30:19 | Create | Unit 1920 |
| 30:19 | Create | Unit 1920 |
| 30:20 | Create | Unit 1920 |
Build order — YMHAMAD
First 150 of 378 actions detected
| 0:03 | Create | Villager (Male) |
| 0:04 | Create | Villager (Male) |
| 0:04 | Create | Villager (Male) |
| 0:04 | Create | Villager (Male) |
| 0:11 | Build | House |
| 0:13 | Build | House |
| 1:57 | Create | Villager (Male) |
| 2:30 | Create | Villager (Male) |
| 2:56 | Create | Villager (Male) |
| 3:16 | Create | Villager (Male) |
| 3:16 | Create | Villager (Male) |
| 4:16 | Build | House |
| 4:17 | Build | House |
| 4:18 | Build | House |
| 4:19 | Build | House |
| 4:48 | Create | Villager (Male) |
| 4:49 | Create | Villager (Male) |
| 4:49 | Create | Villager (Male) |
| 4:49 | Create | Villager (Male) |
| 7:09 | Create | Villager (Male) |
| 7:10 | Create | Villager (Male) |
| 7:11 | Create | Villager (Male) |
| 9:38 | Build | Lumber Camp |
| 9:49 | Build | Mill |
| 10:16 | Build | Palisade Wall |
| 10:40 | Research | Feudal Age |
| 10:47 | Build | Lumber Camp |
| 10:56 | Create | Villager (Male) |
| 10:56 | Create | Villager (Male) |
| 11:51 | Create | Villager (Male) |
| 12:19 | Create | Villager (Male) |
| 12:40 | Create | Villager (Male) |
| 12:40 | Create | Villager (Male) |
| 12:57 | Build | Stone Wall |
| 13:02 | Build | Gate |
| 13:06 | Build | Gate |
| 13:19 | Build | Palisade Gate |
| 13:21 | Build | Palisade Gate |
| 13:47 | Create | Villager (Male) |
| 13:48 | Create | Villager (Male) |
| 14:12 | Build | Market |
| 15:00 | Build | Mining Camp |
| 15:09 | Build | Blacksmith |
| 15:16 | Create | Villager (Male) |
| 15:16 | Create | Villager (Male) |
| 15:16 | Create | Villager (Male) |
| 15:17 | Create | Villager (Male) |
| 15:24 | Create | Villager (Male) |
| 15:24 | Create | Villager (Male) |
| 16:08 | Build | Stone Wall |
| 16:15 | Create | Villager (Male) |
| 16:16 | Create | Villager (Male) |
| 16:30 | Build | Farm |
| 16:39 | Create | Villager (Male) |
| 16:39 | Create | Villager (Male) |
| 16:40 | Create | Villager (Male) |
| 16:40 | Create | Villager (Male) |
| 17:17 | Create | Villager (Male) |
| 17:18 | Create | Villager (Male) |
| 17:18 | Create | Villager (Male) |
| 17:18 | Create | Villager (Male) |
| 17:18 | Create | Villager (Male) |
| 17:19 | Create | Villager (Male) |
| 17:58 | Build | Farm |
| 17:59 | Build | Farm |
| 18:00 | Build | Farm |
| 18:47 | Research | Stone Mining |
| 18:53 | Build | House |
| 18:53 | Build | House |
| 18:54 | Build | House |
| 18:56 | Build | House |
| 18:58 | Build | House |
| 19:01 | Build | House |
| 19:02 | Build | House |
| 19:08 | Build | House |
| 19:10 | Build | House |
| 19:12 | Build | House |
| 19:16 | Research | Double-Bit Axe |
| 19:19 | Create | Villager (Male) |
| 19:19 | Create | Villager (Male) |
| 19:33 | Build | Stone Wall |
| 19:47 | Build | Gate |
| 20:12 | Build | Gate |
| 20:43 | Build | Farm |
| 20:43 | Build | Farm |
| 20:44 | Build | Farm |
| 20:45 | Build | Farm |
| 20:46 | Build | Farm |
| 20:52 | Build | Farm |
| 21:00 | Build | Farm |
| 21:01 | Build | Farm |
| 21:02 | Build | Farm |
| 21:10 | Build | Farm |
| 21:15 | Create | Villager (Male) |
| 21:15 | Create | Villager (Male) |
| 21:18 | Create | Villager (Male) |
| 21:23 | Build | Farm |
| 21:24 | Build | Farm |
| 21:57 | Build | Barracks |
| 22:27 | Build | Farm |
| 22:28 | Build | Farm |
| 22:29 | Build | Farm |
| 23:21 | Research | Castle Age |
| 23:45 | Build | Stable |
| 23:47 | Build | Stable |
| 24:02 | Build | Stone Wall |
| 24:04 | Build | Stone Wall |
| 24:05 | Build | Stone Wall |
| 24:29 | Research | Gold Mining |
| 24:35 | Create | Villager (Male) |
| 24:35 | Create | Villager (Male) |
| 24:35 | Create | Villager (Male) |
| 24:36 | Create | Villager (Male) |
| 26:08 | Create | Camel Scout |
| 26:08 | Create | Camel Scout |
| 26:29 | Research | Stone Shaft Mining |
| 26:29 | Research | Gold Shaft Mining |
| 26:38 | Build | Town Center |
| 26:44 | Build | Town Center |
| 27:00 | Research | Bow Saw |
| 27:02 | Create | Villager (Male) |
| 27:02 | Create | Villager (Male) |
| 27:02 | Create | Villager (Male) |
| 27:02 | Create | Villager (Male) |
| 27:59 | Build | Town Center |
| 28:27 | Research | Husbandry |
| 28:34 | Create | Villager (Male) |
| 28:35 | Create | Villager (Male) |
| 28:36 | Create | Villager (Male) |
| 28:36 | Create | Villager (Male) |
| 28:36 | Create | Villager (Male) |
| 28:44 | Create | Villager (Male) |
| 28:44 | Create | Villager (Male) |
| 28:45 | Create | Villager (Male) |
| 28:46 | Create | Villager (Male) |
| 29:13 | Build | Town Center |
| 29:27 | Research | Horse Collar |
| 29:33 | Create | Villager (Male) |
| 29:45 | Create | Villager (Male) |
| 29:46 | Create | Villager (Male) |
| 29:47 | Create | Villager (Male) |
| 29:48 | Create | Villager (Male) |
| 30:00 | Create | Villager (Male) |
| 30:00 | Create | Villager (Male) |
| 30:27 | Build | Town Center |
| 30:31 | Create | Villager (Male) |
| 30:31 | Create | Villager (Male) |
| 30:41 | Research | Caravan |
| 30:48 | Build | Lumber Camp |
| 31:18 | Build | Stable |
Build order — Roarindragon381
First 150 of 607 actions detected
| 0:12 | Build | House |
| 0:15 | Create | Villager (Male) |
| 0:15 | Research | Loom |
| 0:30 | Build | Palisade Wall |
| 0:37 | Build | Palisade Gate |
| 1:08 | Create | Villager (Male) |
| 1:08 | Create | Villager (Male) |
| 1:08 | Create | Villager (Male) |
| 1:08 | Create | Villager (Male) |
| 1:16 | Build | House |
| 1:17 | Build | House |
| 1:19 | Build | House |
| 1:22 | Build | House |
| 2:40 | Create | Villager (Male) |
| 3:24 | Create | Villager (Male) |
| 4:34 | Create | Villager (Male) |
| 4:34 | Create | Villager (Male) |
| 4:58 | Create | Villager (Male) |
| 5:40 | Create | Villager (Male) |
| 6:21 | Build | Mill |
| 6:41 | Build | Palisade Wall |
| 6:57 | Create | Villager (Male) |
| 7:19 | Build | Palisade Wall |
| 7:42 | Create | Villager (Male) |
| 7:42 | Create | Villager (Male) |
| 7:58 | Build | Palisade Gate |
| 8:32 | Create | Villager (Male) |
| 8:32 | Create | Villager (Male) |
| 8:32 | Create | Villager (Male) |
| 8:55 | Build | Palisade Wall |
| 9:43 | Create | Villager (Male) |
| 9:44 | Create | Villager (Male) |
| 10:29 | Build | Palisade Wall |
| 10:36 | Create | Villager (Male) |
| 10:36 | Create | Villager (Male) |
| 10:37 | Create | Villager (Male) |
| 10:49 | Build | Lumber Camp |
| 11:08 | Build | Palisade Wall |
| 11:19 | Build | Palisade Gate |
| 12:09 | Create | Villager (Male) |
| 12:56 | Create | Villager (Male) |
| 12:59 | Research | Feudal Age |
| 14:51 | Create | Villager (Male) |
| 14:52 | Create | Villager (Male) |
| 15:13 | Create | Villager (Male) |
| 15:13 | Create | Villager (Male) |
| 15:40 | Create | Villager (Male) |
| 15:40 | Create | Villager (Male) |
| 15:40 | Create | Villager (Male) |
| 15:41 | Create | Villager (Male) |
| 15:56 | Build | Market |
| 16:01 | Build | Market |
| 16:12 | Build | Blacksmith |
| 16:19 | Create | Villager (Male) |
| 16:20 | Create | Villager (Male) |
| 16:20 | Create | Villager (Male) |
| 16:20 | Create | Villager (Male) |
| 16:24 | Build | Farm |
| 16:25 | Build | Farm |
| 16:28 | Build | Farm |
| 16:30 | Build | Farm |
| 16:31 | Build | Farm |
| 16:32 | Build | Farm |
| 17:28 | Build | House |
| 17:39 | Build | Farm |
| 17:41 | Create | Villager (Male) |
| 17:42 | Create | Villager (Male) |
| 17:47 | Build | Mining Camp |
| 19:03 | Build | Market |
| 19:07 | Build | House |
| 19:08 | Build | House |
| 19:11 | Build | House |
| 19:12 | Build | House |
| 20:10 | Build | Farm |
| 20:14 | Build | Farm |
| 20:30 | Build | Barracks |
| 20:47 | Build | Farm |
| 21:02 | Research | Castle Age |
| 21:25 | Build | Mining Camp |
| 21:48 | Build | Farm |
| 21:53 | Build | Farm |
| 21:55 | Build | Farm |
| 22:26 | Build | House |
| 22:28 | Build | House |
| 23:39 | Create | Villager (Male) |
| 23:39 | Create | Villager (Male) |
| 23:56 | Build | Town Center |
| 24:13 | Build | Town Center |
| 24:14 | Create | Villager (Male) |
| 24:14 | Create | Villager (Male) |
| 24:45 | Build | Monastery |
| 24:49 | Build | House |
| 24:52 | Build | House |
| 25:07 | Create | Villager (Male) |
| 25:07 | Create | Villager (Male) |
| 25:24 | Build | Mining Camp |
| 25:26 | Create | Villager (Male) |
| 25:26 | Create | Villager (Male) |
| 25:26 | Create | Villager (Male) |
| 25:27 | Create | Villager (Male) |
| 25:27 | Create | Villager (Male) |
| 25:27 | Create | Villager (Male) |
| 25:28 | Create | Villager (Male) |
| 25:28 | Create | Villager (Male) |
| 25:28 | Create | Villager (Male) |
| 25:29 | Create | Villager (Male) |
| 25:29 | Create | Villager (Male) |
| 26:04 | Build | Lumber Camp |
| 26:12 | Create | Monk |
| 26:12 | Create | Monk |
| 26:52 | Build | Barracks |
| 26:59 | Build | Farm |
| 27:02 | Build | Farm |
| 27:03 | Build | Farm |
| 27:31 | Build | Farm |
| 27:36 | Build | Farm |
| 27:59 | Build | Barracks |
| 28:16 | Build | Farm |
| 28:18 | Create | Villager (Male) |
| 28:18 | Create | Villager (Male) |
| 28:19 | Create | Villager (Male) |
| 28:19 | Create | Villager (Male) |
| 28:19 | Create | Villager (Male) |
| 28:20 | Create | Villager (Male) |
| 28:20 | Create | Villager (Male) |
| 28:20 | Create | Villager (Male) |
| 28:21 | Create | Villager (Male) |
| 28:21 | Create | Villager (Male) |
| 28:21 | Create | Villager (Male) |
| 28:22 | Create | Villager (Male) |
| 28:22 | Create | Villager (Male) |
| 28:22 | Create | Villager (Male) |
| 28:37 | Build | Farm |
| 29:38 | Build | Mining Camp |
| 29:46 | Build | Farm |
| 30:03 | Build | Farm |
| 30:23 | Build | Castle |
| 30:49 | Build | House |
| 30:52 | Build | House |
| 30:54 | Build | House |
| 31:23 | Create | Villager (Male) |
| 31:24 | Create | Villager (Male) |
| 31:24 | Create | Villager (Male) |
| 31:24 | Create | Villager (Male) |
| 31:25 | Create | Villager (Male) |
| 31:25 | Create | Villager (Male) |
| 31:25 | Create | Villager (Male) |
| 31:26 | Create | Villager (Male) |
| 31:27 | Create | Villager (Male) |
| 31:27 | Create | Villager (Male) |
Build order — ArticSniper57
First 150 of 216 actions detected
| 0:28 | Create | Villager (Male) ×4 |
| 0:38 | Build | Mill |
| 0:58 | Build | House |
| 1:05 | Build | House |
| 1:06 | Build | House |
| 1:29 | Research | Loom |
| 2:35 | Create | Villager (Male) |
| 4:17 | Create | Villager (Male) ×3 |
| 4:59 | Build | Lumber Camp |
| 6:16 | Create | Villager (Male) ×3 |
| 6:42 | Build | Palisade Wall |
| 7:20 | Create | Villager (Male) |
| 7:21 | Create | Villager (Male) |
| 7:33 | Build | House |
| 7:37 | Build | House |
| 8:39 | Create | Villager (Male) ×3 |
| 8:59 | Build | House |
| 9:38 | Build | Farm |
| 9:57 | Create | Villager (Male) |
| 9:57 | Create | Villager (Male) |
| 10:02 | Build | Farm |
| 10:32 | Build | Outpost |
| 10:39 | Build | Farm |
| 10:53 | Build | Farm |
| 10:59 | Create | Villager (Male) ×5 |
| 11:23 | Build | House |
| 11:39 | Build | Farm |
| 12:04 | Build | Farm |
| 12:29 | Build | Farm |
| 13:10 | Build | Farm |
| 13:22 | Research | Feudal Age |
| 14:04 | Create | Villager (Male) ×4 |
| 14:48 | Create | Villager (Male) |
| 15:49 | Research | Wheelbarrow |
| 15:54 | Research | Horse Collar |
| 15:59 | Research | Double-Bit Axe |
| 16:16 | Research | Town Watch |
| 17:09 | Build | Market |
| 17:20 | Build | Blacksmith |
| 17:32 | Build | Farm |
| 17:37 | Build | Farm |
| 17:56 | Build | Farm |
| 18:27 | Build | Farm |
| 18:32 | Build | Farm |
| 18:32 | Build | Farm |
| 18:34 | Build | Farm |
| 18:36 | Build | Farm |
| 18:39 | Build | Farm |
| 18:42 | Build | Farm |
| 18:51 | Build | Mill |
| 19:09 | Build | Watch Tower |
| 19:14 | Create | Trade Cart |
| 19:19 | Create | Trade Cart |
| 19:19 | Create | Trade Cart |
| 19:46 | Build | Farm |
| 19:55 | Build | Farm |
| 20:06 | Build | Farm |
| 20:19 | Build | Farm |
| 20:51 | Create | Villager (Male) ×5 |
| 20:57 | Research | Castle Age |
| 20:59 | Create | Villager (Male) ×5 |
| 23:32 | Build | Lumber Camp |
| 23:45 | Research | Hand Cart |
| 23:47 | Research | Town Patrol |
| 23:54 | Research | Bow Saw |
| 23:58 | Research | Heavy Plow |
| 24:23 | Build | Mining Camp |
| 24:51 | Research | Scale Mail Armor |
| 25:56 | Build | Town Center |
| 26:20 | Research | Chain Mail Armor |
| 26:31 | Build | Lumber Camp |
| 26:46 | Create | Trade Cart |
| 27:14 | Create | Villager (Male) ×5 |
| 27:45 | Research | Fletching |
| 28:36 | Build | Mining Camp |
| 28:43 | Build | University |
| 28:59 | Create | Villager (Male) |
| 29:17 | Create | Villager (Male) ×5 |
| 29:39 | Research | Gold Mining |
| 29:41 | Research | Stone Mining |
| 29:57 | Research | Stone Mining |
| 29:57 | Research | Stone Mining |
| 30:09 | Build | House |
| 30:13 | Build | House |
| 30:15 | Build | House |
| 30:18 | Build | House |
| 30:34 | Research | Caravan |
| 30:37 | Create | Trade Cart ×4 |
| 30:55 | Build | Farm |
| 31:16 | Build | Monastery |
| 31:34 | Research | Ballistics |
| 31:49 | Create | Villager (Male) ×15 |
| 31:49 | Create | Villager (Male) ×5 |
| 31:59 | Build | Farm |
| 32:03 | Build | Farm |
| 33:05 | Build | Farm |
| 33:12 | Research | Masonry |
| 33:17 | Create | Monk |
| 33:18 | Research | Fervor |
| 33:47 | Build | House |
| 33:50 | Build | House |
| 34:11 | Build | Farm |
| 34:29 | Create | Villager (Male) ×15 |
| 34:30 | Create | Villager (Male) ×5 |
| 35:13 | Build | Farm |
| 35:16 | Build | Farm |
| 35:42 | Build | Farm |
| 35:56 | Build | Farm |
| 36:11 | Research | Stone Shaft Mining |
| 36:11 | Research | Stone Shaft Mining |
| 36:19 | Build | House |
| 36:24 | Build | House |
| 36:29 | Research | Fortified Wall (upgrade) |
| 36:43 | Research | Coinage |
| 37:30 | Build | Farm |
| 37:37 | Build | House |
| 37:49 | Build | House |
| 37:55 | Build | House |
| 38:01 | Build | House |
| 38:42 | Build | Town Center |
| 38:58 | Research | Heated Shot |
| 39:00 | Research | Guard Tower (upgrade) |
| 39:12 | Research | Bodkin Arrow |
| 39:37 | Create | Villager (Male) ×15 |
| 39:45 | Create | Villager (Male) ×5 |
| 39:47 | Create | Villager (Male) |
| 39:47 | Create | Villager (Male) |
| 39:50 | Research | Imperial Age |
| 40:00 | Research | Forging |
| 40:27 | Build | Town Center |
| 40:51 | Research | Tech 909 |
| 41:06 | Build | Mining Camp |
| 42:04 | Research | Iron Casting |
| 42:25 | Research | Devotion |
| 42:49 | Create | Trade Cart ×5 |
| 43:09 | Build | Farm |
| 43:24 | Research | Arrowslits |
| 43:25 | Research | Siege Engineers |
| 43:45 | Research | Keep (upgrade) |
| 43:45 | Research | Keep (upgrade) |
| 43:55 | Build | Farm |
| 43:59 | Build | Farm |
| 44:08 | Build | Farm |
| 44:11 | Build | Farm |
| 44:13 | Build | Farm |
| 44:16 | Build | Farm |
| 44:19 | Build | Farm |
| 44:29 | Build | Farm |
| 44:42 | Build | Farm |
| 44:50 | Build | Farm |
Build order — sassybaldsalmon
First 150 of 467 actions detected
| 0:03 | Create | Villager (Male) ×4 |
| 0:03 | Create | Villager (Male) |
| 0:06 | Build | House |
| 0:08 | Build | House |
| 0:09 | Build | House |
| 0:45 | Build | House |
| 2:00 | Create | Villager (Male) |
| 2:00 | Create | Villager (Male) |
| 2:01 | Research | Loom |
| 2:01 | Research | Loom |
| 3:04 | Create | Villager (Male) ×2 |
| 3:04 | Create | Villager (Male) |
| 3:32 | Create | Villager (Male) ×2 |
| 3:32 | Create | Villager (Male) |
| 3:43 | Build | Lumber Camp |
| 4:04 | Create | Villager (Male) |
| 4:04 | Create | Villager (Male) |
| 4:18 | Create | Villager (Male) ×2 |
| 4:18 | Create | Villager (Male) |
| 4:47 | Create | Villager (Male) ×2 |
| 4:47 | Create | Villager (Male) |
| 5:29 | Create | Villager (Male) |
| 5:29 | Create | Villager (Male) |
| 6:06 | Build | Mill |
| 6:50 | Create | Villager (Male) ×3 |
| 6:50 | Create | Villager (Male) |
| 6:56 | Build | House |
| 6:59 | Build | House |
| 7:20 | Create | Villager (Male) |
| 7:20 | Create | Villager (Male) |
| 7:28 | Create | Villager (Male) ×3 |
| 7:28 | Create | Villager (Male) |
| 7:41 | Create | Villager (Male) |
| 7:41 | Create | Villager (Male) |
| 9:19 | Build | Mining Camp |
| 10:03 | Research | Feudal Age |
| 12:51 | Build | Market |
| 13:01 | Build | Blacksmith |
| 13:10 | Research | Double-Bit Axe |
| 13:37 | Build | Lumber Camp |
| 14:09 | Research | Castle Age |
| 15:35 | Research | Wheelbarrow |
| 15:40 | Create | Villager (Male) ×10 |
| 15:40 | Create | Villager (Male) |
| 16:15 | Research | Horse Collar |
| 16:53 | Build | Town Center |
| 17:02 | Build | Town Center |
| 17:43 | Research | Bow Saw |
| 17:43 | Research | Bow Saw |
| 17:56 | Research | Town Watch |
| 17:58 | Create | Villager (Male) |
| 17:59 | Create | Villager (Male) ×3 |
| 17:59 | Create | Villager (Male) |
| 18:32 | Build | Farm |
| 18:32 | Build | Farm |
| 18:32 | Build | Farm |
| 18:33 | Build | Farm |
| 18:33 | Build | Farm |
| 18:33 | Build | Farm |
| 18:33 | Build | Farm |
| 18:33 | Build | Farm |
| 18:34 | Build | Farm |
| 18:34 | Build | Farm |
| 18:35 | Build | Farm |
| 18:35 | Build | Farm |
| 18:35 | Build | Farm |
| 18:35 | Build | Farm |
| 18:48 | Build | Farm |
| 18:48 | Build | Farm |
| 18:49 | Build | Farm |
| 18:49 | Build | Farm |
| 18:49 | Build | Farm |
| 18:49 | Build | Farm |
| 18:50 | Build | Farm |
| 18:50 | Build | Farm |
| 18:50 | Build | Farm |
| 18:51 | Build | Farm |
| 18:51 | Build | Farm |
| 18:51 | Build | Farm |
| 18:52 | Build | Farm |
| 18:52 | Build | Farm |
| 18:53 | Build | Farm |
| 18:53 | Build | Farm |
| 18:53 | Build | Farm |
| 18:54 | Build | Farm |
| 18:54 | Build | Farm |
| 18:54 | Build | Farm |
| 18:55 | Build | Farm |
| 18:55 | Build | Farm |
| 18:55 | Build | Farm |
| 18:56 | Build | Farm |
| 18:56 | Build | Farm |
| 18:56 | Build | Farm |
| 18:57 | Build | Farm |
| 18:57 | Build | Farm |
| 18:57 | Build | Farm |
| 18:58 | Build | Farm |
| 19:25 | Build | Mining Camp |
| 19:33 | Build | Monastery |
| 19:52 | Build | Farm |
| 19:53 | Build | Farm |
| 19:53 | Build | Farm |
| 19:53 | Build | Farm |
| 19:53 | Build | Farm |
| 19:54 | Build | Farm |
| 19:54 | Build | Farm |
| 19:54 | Build | Farm |
| 19:55 | Build | Farm |
| 19:55 | Build | Farm |
| 19:55 | Build | Farm |
| 19:55 | Build | Farm |
| 19:56 | Build | Farm |
| 19:56 | Build | Farm |
| 19:56 | Build | Farm |
| 19:56 | Build | Farm |
| 19:56 | Build | Farm |
| 19:57 | Build | Farm |
| 19:57 | Build | Farm |
| 19:57 | Build | Farm |
| 19:57 | Build | Farm |
| 19:58 | Build | Farm |
| 19:58 | Build | Farm |
| 19:59 | Build | Farm |
| 19:59 | Build | Farm |
| 19:59 | Build | Farm |
| 19:59 | Build | Farm |
| 20:00 | Build | Farm |
| 20:00 | Build | Farm |
| 20:00 | Build | Farm |
| 20:01 | Build | Farm |
| 20:01 | Build | Farm |
| 20:01 | Build | Farm |
| 20:04 | Create | Villager (Male) |
| 20:20 | Create | Villager (Male) |
| 20:20 | Create | Villager (Male) |
| 20:32 | Create | Trade Cart ×3 |
| 20:32 | Create | Trade Cart |
| 20:40 | Create | Villager (Male) |
| 20:49 | Build | Farm |
| 20:49 | Build | Farm |
| 20:50 | Build | Farm |
| 20:50 | Build | Farm |
| 20:50 | Build | Farm |
| 20:51 | Build | Farm |
| 20:51 | Build | Farm |
| 20:51 | Build | Farm |
| 20:51 | Build | Farm |
| 20:52 | Build | Farm |
| 20:52 | Build | Farm |
| 20:52 | Build | Farm |
Match timeline
| 0:30 | Roarindragon381 · wall_segment Palisade Wall x16 |
| 6:41 | Roarindragon381 · wall_segment Palisade Wall x11 |
| 6:42 | ArticSniper57 · wall_segment Palisade Wall x25 |
| 7:19 | Roarindragon381 · wall_segment Palisade Wall x19 |
| 8:55 | Roarindragon381 · wall_segment Palisade Wall x8 |
| 10:16 | YMHAMAD · wall_segment Palisade Wall x21 |
| 10:29 | Roarindragon381 · wall_segment Palisade Wall x11 |
| 11:08 | Roarindragon381 · wall_segment Palisade Wall x4 |
| 12:57 | YMHAMAD · wall_segment Stone Wall x20 |
| 13:28 | vlaciktomas · first_building Barracks |
| 13:53 | RisingNOOb7499 · wall_segment Stone Wall x9 |
| 13:54 | RisingNOOb7499 · wall_segment Stone Wall x19 |
| 16:08 | YMHAMAD · wall_segment Stone Wall x35 |
| 16:24 | sassybaldsalmon · first_market_buy 100 wood |
| 19:17 | ArticSniper57 · first_market_sell 500 food |
| 19:33 | sassybaldsalmon · first_building Monastery |
| 19:33 | YMHAMAD · wall_segment Stone Wall x35 |
| 19:44 | RisingNOOb7499 · first_market_sell 100 food |
| 20:30 | Roarindragon381 · first_building Barracks |
| 21:49 | vlaciktomas · first_building Monastery |
| 21:57 | YMHAMAD · first_building Barracks |
| 22:38 | RisingNOOb7499 · first_building Castle |
| 23:45 | YMHAMAD · first_building Stable |
| 24:02 | YMHAMAD · wall_segment Stone Wall x18 |
| 24:04 | YMHAMAD · wall_segment Stone Wall x8 |
| 24:05 | YMHAMAD · wall_segment Stone Wall x15 |
| 24:45 | Roarindragon381 · first_building Monastery |
| 25:28 | ArticSniper57 · first_market_buy 100 stone |
| 26:19 | RisingNOOb7499 · first_building Siege Workshop |
| 27:45 | sassybaldsalmon · first_building Barracks |
| 27:58 | vlaciktomas · first_building Castle |
| 29:25 | sassybaldsalmon · first_building Stable |
| 29:44 | sassybaldsalmon · first_building Castle |
| 29:57 | vlaciktomas · first_building Siege Workshop |
| 30:23 | Roarindragon381 · first_building Castle |
| 31:16 | ArticSniper57 · first_building Monastery |
| 32:08 | Roarindragon381 · wall_segment Stone Wall x19 |
| 33:44 | sassybaldsalmon · first_building Siege Workshop |
| 34:50 | YMHAMAD · first_building Siege Workshop |
| 34:56 | sassybaldsalmon · first_building Archery Range |
| 42:13 | YMHAMAD · first_building Castle |
| 45:27 | Roarindragon381 · first_market_buy 100 stone |
| 46:58 | Roarindragon381 · first_building Archery Range |
| 47:56 | ArticSniper57 · first_building Castle |
| 49:56 | YMHAMAD · resign |
| 53:00 | Roarindragon381 · first_market_sell 100 food |
[ AI ANALYSIS · 1 CREDIT ]
What really happened in this match?
Wolo.gg analyzes every decision: build order, eco, micro, common mistakes by bracket. Personalized analysis on WhatsApp or Discord in 30 seconds.
Civ guide
Mongols
Map guide
Amazon Tunnel
Perfil
vlaciktomas